 Dungeon Crawl Stone Soup version 0.31.0-1-g2c135a0 (webtiles) character file.

Game seed: 656744914806033514

60 mushindo the Grave Robber (level 4, -1/30 HPs)
             Began as a Human Necromancer on Feb 28, 2024.
             Slain by a river rat (7 damage)
             ... on level 3 of the Dungeon.
             The game lasted 00:36:06 (2022 turns).

mushindo the Grave Robber (Human Necromancer)       Turns: 2022, Time: 00:36:07

Health: -1/30      AC:  6    Str: 16    XL:     4   Next: 4%
Magic:  16/16      EV: 12    Int: 16    God:
Gold:   54         SH:  0    Dex: 13    Spells: 1/7 levels left

rFire   . . .        m - staff of death
rCold   . . .        (no shield)
rNeg    + . .        o - +0 leather armour
rPois   .            c - +0 helmet
rElec   .            j - +0 cloak
rCorr   .            u - +0 pair of gloves
SInv    .            (no boots)
Will    .....        (no amulet)
Stlth   ++           y - ring of magical power
HPRegen 0.25/turn    r - +6 ring of strength
MPRegen 0.15/turn

%: no passive effects
@: no status effects
A: explore regen
a: no special abilities


You were on level 3 of the Dungeon.
You visited 1 branch of the dungeon, and saw 3 of its levels.
You also visited: Sewer.

You collected 54 gold pieces.

Inventory:

Hand Weapons
 d - a +0 club
 f - a +0 dagger
 h - a +0 dagger
 i - a +0 short sword
 k - a +0 hand axe
 s - a +0 sling
Missiles
 e - 7 stones
Armour
 a - a +0 robe
 c - a +0 helmet (worn)
 j - a +0 cloak (worn)
 o - a +0 leather armour (worn)
 u - a +0 pair of gloves (worn)
 z - a +0 scale mail
Magical Staves
 m - a staff of death (weapon)
Jewellery
 r - a +6 ring of strength (right hand)
 y - a ring of magical power (left hand)
Wands
 A - a wand of flame (18)
Scrolls
 g - 2 scrolls of identify {unknown}
 l - a scroll of fog {unknown}
 n - 2 scrolls of teleportation {unknown}
 p - a scroll of silence {unknown}
 q - a scroll of vulnerability {unknown}
 x - a scroll of acquirement {unknown}
Potions
 b - a potion of magic
 t - a potion of invisibility {unknown}
 v - a potion of attraction {unknown}
 w - a potion of curing {unknown}


   Skills:
 * Level 1.1 Staves
 + Level 0.6 Armour
 - Level 2.1 Dodging
 - Level 2.0 Stealth
 + Level 2.4 Spellcasting
 + Level 4.8 Necromancy


You had one spell level left.
You knew the following spells:

 Your Spells              Type           Power      Damage    Failure   Level
a - Necrotise             Necr           100%       1d9       3%          1
b - Vampiric Draining     Necr           25%        2d7       11%         3
c - Lesser Beckoning      Tloc           2%         N/A       36%         2

Your spell library contained the following spells:

 Spells                   Type           Power      Damage    Failure   Level
 Animate Dead             Necr           25%        N/A       34%         4
 Jinxbite                 Hex            2%         N/A       36%         2
 Scorch                   Fire           2%         2d5       36%         2
 Static Discharge         Conj/Air       2%         3-4/arc   36%         2
 Gell's Gravitas          Tloc           1%         N/A       58%         3
 Teleport Other           Tloc           1%         N/A       58%         3
 Curse of Agony           Necr           25%        N/A       67%         5
 Airstrike                Air            0%         2d(1-17)  94%         4
 Flame Wave               Conj/Fire      1%         2d4       94%         4
 Summon Lightning Spire   Summ/Air       1%         N/A       94%         4
 Yara's Violent Unravell  Hex/Alch       0%         3d3       100%        5
 Summon Cactus Giant      Summ           0%         N/A       100%        6
 Enfeeble                 Hex            0%         N/A       100%        7


Dungeon Overview and Level Annotations

Branches:
Dungeon (3/15)              Sewer (visited)

Altars:


Innate Abilities, Weirdness & Mutations

You regain HP and MP as you explore.


Message History

The adder bites you.
You escape the ball python's grasp.
The adder bites you but does no damage. The river rat closely misses you.
The ball python barely misses you. The ball python grabs you.
The ball python constricts you.
You escape the ball python's grasp.
The adder attacks as it pursues you!
The adder barely misses you. x2; The ball python bites you.
The ball python grabs you. The ball python constricts you.
The river rat bites you.
The ball python's grasp on you weakens, but your attempt to escape fails.
The adder barely misses you. The ball python bites you.
The ball python constricts you. The adder bites you but does no damage.
You escape the ball python's grasp.
The adder bites you but does no damage. The river rat barely misses you.
There is a gate leading back out of this place here.
The adder barely misses you.
The river rat bites you but does no damage.
The adder bites you.
* * * LOW HITPOINT WARNING * * *
Welcome back to the Dungeon!
There is a collapsed entrance here.
Aiming: Throw Flame
Press: ? - help, Q - select action, (/) - cycle Shift-Dir - straight line, f - adder
Aim: an adder (48% to hit)
The puff of flame misses the adder.
The river rat bites you.
* * * LOW HITPOINT WARNING * * *
The adder is engulfed in a cloud of scalding steam.
The adder bites you but does no damage.
You hit the river rat.
The river rat is moderately wounded.
The adder is engulfed in a cloud of scalding steam.
You kill the adder!
The river rat bites you but does no damage.
Your Staves skill increases to level 1!
You have reached level 4!
You feel clever.
You hit the river rat but do no damage.
The river rat is moderately wounded.
The river rat barely misses you. The river rat bites you!
You die...

#.........†...# #.#
#.........###.###.##
#.......).# #.##...##
#.........###.#.....#
#..........~#.##...####.#
#.###....~~§#...........#
#. ###..~~~#####.#######
#. ##..~~~†# #.# #.
#..~~~r@# ##'##
....###### ##...## #....
##.....## #..#.
##.......## #.###
#.........####..
+.........'<....
#.........####.#
##.......## ##.....##


You could see a river rat.

Vanquished Creatures
  An adder (D:3)
  A ribbon worm (D:2)
  A ball python (D:1)
  3 bats
  2 endoplasms
  3 giant cockroaches
  4 goblins
  7 hobgoblins
  3 jackals (D:1)
  A quokka (D:1)
  2 frilled lizards (D:1)
  2 kobolds (D:1)
  7 rats
37 creatures vanquished.

Vanquished Creatures (collateral kills)
  An endoplasm (D:1)
  4 jackals (D:1)
  A kobold (D:1)
6 creatures vanquished.

Grand Total: 43 creatures vanquished

Notes
Turn   | Place    | Note
-------+----------+-------------------------------------------
     0 | D:1      | mushindo the Human Necromancer began the quest for the Orb.
     0 | D:1      | Reached XP level 1. HP: 13/13 MP: 3/3
    75 | D:1      | Reached XP level 2. HP: 19/19 MP: 1/5
   508 | D:1      | Reached XP level 3. HP: 24/24 MP: 4/6
  1258 | D:2      | Learned a level 3 spell: Vampiric Draining
  1261 | D:2      | Learned a level 2 spell: Lesser Beckoning
  1953 | D:3      | Found a glowing drain.
  1980 | Sewer    | Entered a sewer
  2022 | D:3      | Reached skill level 1 in Staves
  2022 | D:3      | Reached XP level 4. HP: 5/30 MP: 7/7
  2022 | D:3      | Slain by a river rat

Illustrated notes

Levels and vault maps discovered:
D:1:      lemuel_arrival_behind_the_door_small, layout_loops_corners,
          fountainhead
D:2:      layout_rooms, serial_bayou_crossing
D:3:      layout_loops_corners, dk_yredelemnul_ordeal, portal_sewer_entry_b

Skill      XL: |  1  2  3 |
---------------+----------+-----
Staves         | 1 |  1.1
Armour         | |  0.6
Dodging        | |  2.1
Stealth        | |  2.0
Spellcasting   | |  2.4
Necromancy     | |  4.8

Action                     |  1- 3 |  4- 6 || total
---------------------------+-------+-------++-------
  Melee: Club              |    17 |       ||    17
         Staff             |    42 |     1 ||    43
         Short sword       |     2 |       ||     2
   Cast: Necrotise         |    54 |       ||    54
  Evoke: Wand              |     1 |       ||     1
 Armour: Robe              |    29 |       ||    29
         Leather armour    |    43 |     1 ||    44
  Dodge: Dodged            |    99 |     1 ||   100
